 Dungeon Crawl Stone Soup version 0.32-a0-675-gdc239d62e1 (webtiles) character file.

Game seed: 5725931974171218503

7329 growler the Grappler (level 10, -4/92 HPs)
             Began as a Green Draconian Shapeshifter on Mar 11, 2024.
             Was a Follower of Wu Jian.
             Slain by a skeletal warrior
             ... wielding a +0 war axe
              (25 damage)
             ... on level 10 of the Dungeon.
             The game lasted 00:26:36 (8684 turns).

growler the Grappler (Green Draconian Shapeshifter) Turns: 8684, Time: 00:26:38

Health: -4/92      AC:  7    Str: 19    XL:     10   Next: 90%
Magic:  10/10      EV: 16    Int: 11    God:    Wu Jian [*.....]
Gold:   590        SH:  0    Dex: 12    Spells: 9/9 levels left

rFire   . .          .
                       - Unarmed
rCold   . . .        (shield currently unavailable)
rNeg    + . .        (body armour unavailable)
rPois   +            (helmet restricted)
rElec   .            (no cloak)
rCorr   .            (no gloves)
SInv    .            (no boots)
Will    .....        m - amulet of regeneration
Stlth   +            u - +4 ring of slaying
HPRegen 1.15/turn    d - ring of positive energy
MPRegen 0.12/turn

%: no passive effects
@: flux-form, glowing
A: glow, contaminating, noxious breath, AC +7, unfitting armour, poison
resistance, cold-blooded
a: Noxious Breath, Begin Untransformation, Renounce Religion


You were on level 10 of the Dungeon.
You worshipped Wu Jian.
Wu Jian was aware of your devotion.
You were something dangerously unstable.
You visited 2 branches of the dungeon, and saw 11 of its levels.
You also visited: Sewer.

You collected 601 gold pieces.
You spent 11 gold pieces at shops.

Inventory:

Jewellery
 d - a ring of positive energy (right hand)
 i - a ring of flight
 m - an amulet of regeneration (around neck)
 u - a +4 ring of slaying (left hand)
 C - an amulet of faith
 F - a +6 ring of strength
Talismans
 b - a beast talisman
 c - a flux talisman (active)
 E - a blade talisman
Wands
 y - a wand of acid (4)
 A - a wand of iceblast (10)
 H - a wand of charming (2)
Scrolls
 e - 4 scrolls of identify
 g - 2 scrolls of teleportation
 j - a scroll of fear
 l - a scroll of enchant weapon {unknown}
 p - a scroll of blinking
 t - a scroll of silence {unknown}
 v - a scroll of immolation {unknown}
 w - a scroll of poison {unknown}
 z - a scroll of revelation {unknown}
 B - 3 scrolls of enchant armour
 D - 2 scrolls of noise {unknown}
 G - a scroll of fog {unknown}
 I - a scroll of vulnerability {unknown}
Potions
 a - 4 potions of lignification
 f - 2 potions of invisibility
 h - 2 potions of cancellation
 k - 2 potions of might
 n - a potion of brilliance
 o - a potion of heal wounds
 q - 3 potions of haste
 r - 3 potions of curing
 s - 2 potions of enlightenment
 x - 2 potions of berserk rage


   Skills:
 + Level 9.7 Fighting
 - Level 1.7 Dodging
 + Level 12.3 Unarmed Combat
 - Level 8.0 Shapeshifting


You had 9 spell levels left.
You didn't know any spells.
Your spell library contained the following spells:

 Spells                   Type           Power      Damage    Failure   Level
 Freeze                   Ice            0%         1d3       34%         1
 Frozen Ramparts          Ice            0%         1d1       71%         3
 Hailstorm                Conj/Ice       0%         3d5       71%         3
 Summon Ice Beast         Ice/Summ       0%         N/A       71%         3
 Summon Forest            Summ/Tloc      0%         N/A       100%        5
 Eringya's Noxious Bog    Alch           0%         4d6       100%        6
 Sculpt Simulacrum        Ice/Alch       0%         N/A       100%        6
 Summon Hydra             Summ           0%         N/A       100%        7


Dungeon Overview and Level Annotations

Branches:
Dungeon (10/15)            Temple (1/1) D:7            Lair (0/5) D:8
  Sewer (visited)
    Orc: D:9-12

Altars:
Ashenzari
Cheibriados
Dithmenos
Elyvilon
Fedhas
Gozag
Hepliaklqana
Kikubaaqudgha
Makhleb
Nemelex Xobeh
Okawaru
Qazlal
Ru
Sif Muna
Trog
Uskayaw
Vehumet
Wu Jian
Xom
Yredelemnul
Zin
The Shining One

Shops:
D:1 *   D:2 *   D:8 [


Innate Abilities, Weirdness & Mutations

You are something dangerously unstable.
You glow with magical radiation, making you easy to see and hit.
Foes you strike become dangerously contaminated with magical radiation.
You are incapable of wielding weapons or throwing items.
You can breathe blasts of noxious fumes.
Your lurid green scales are hard. (AC +7)
You cannot fit into any form of body armour.
Your system is resistant to poisons. (rPois)
You are cold-blooded and may be slowed by cold attacks.


Message History

The skeletal warrior is lightly damaged.
A skeletal warrior comes into view. It is wielding a +0 hand axe.
The skeletal warrior hits you with a +0 war axe!
Unknown command.
You hit the skeletal warrior but do no damage.
The skeletal warrior glows dangerously bright.
You tail-slap the skeletal warrior.
The skeletal warrior is lightly damaged.
The skeletal warrior hits you with a +0 war axe!
You hit the skeletal warrior.
The skeletal warrior shudders as magic cascades through it!
The skeletal warrior is heavily damaged.
You hit the skeletal warrior.
The skeletal warrior begins to glow.
You tail-slap the skeletal warrior, but do no damage.
The skeletal warrior is heavily damaged.
The skeletal warrior closely misses you.
You hit the skeletal warrior.
The skeletal warrior glows dangerously bright.
Your tail-slap misses the skeletal warrior.
The skeletal warrior is heavily damaged.
The skeletal warrior hits you with a +0 war axe!!
You hit the skeletal warrior.
The skeletal warrior shudders as magic cascades through it!
You tail-slap the skeletal warrior, but do no damage.
The skeletal warrior is severely damaged.
The skeletal warrior hits you with a +0 war axe!
You barely miss the skeletal warrior.
The skeletal warrior is severely damaged.
You hit the skeletal warrior.
The skeletal warrior begins to glow.
The skeletal warrior is severely damaged.
The skeletal warrior hits you with a +0 war axe!!
* * * LOW HITPOINT WARNING * * *
There is a stone staircase leading up here.
Aiming: Corrosive Bolt
Press: ? - help, Shift-Dir - straight line, f - skeletal warrior
Aim: a skeletal warrior, wielding a +0 war axe (severely damaged, contaminated, 81% to hit)
The bolt of acid hits the skeletal warrior!
The skeletal warrior is almost destroyed.
The skeletal warrior hits you with a +0 war axe!!
You die...

#.....# ##....
#.....### #.....
#.......# #.....
#.......######.....
#..................
#..................
#........#########.
#.zz.....# #.
###.p......# #.
#..........# #.
#..........# #.
#...######.# #.
#...#....#.####### #.
#...#....#.......###.
#...#....#...........
###.#....#...........
#.#....+...........


You could see 2 skeletal warriors.

Vanquished Creatures
  Pikel (D:5)
  An unseen horror (D:7)
  2 trolls (D:9)
  Grinder (D:6)
  2 shadows
  A wraith (D:10)
  3 wyverns
  9 yaks (D:9)
  A steam dragon (D:8)
  Menkaure (D:5)
  A water moccasin (D:6)
  2 ice beasts
  2 black bears
  A crocodile (Sewer)
  3 ogres
  2 centaurs
  3 lemures (D:5)
  2 kobold brigands
  A brain worm (Sewer)
  Blork the orc (D:5)
  4 bullfrogs (D:8)
  6 scorpions
  3 wights (D:9)
  3 killer bees (D:8)
  6 howler monkeys
  4 bombardier beetles
  5 hounds
  A quasit (D:5)
  4 jellies
  2 orc priests
  A gnoll bouda (D:9)
  3 sleepcaps
  2 iguanas
  2 orc wizards
  3 hell rats (D:8)
  5 gnolls (D:9)
  14 adders
  6 river rats
  4 shadow imps
  7 ufetubi
  4 dart slugs
  3 ribbon worms
  20 orcs
  8 endoplasms
  5 giant cockroaches
  9 hobgoblins
  8 jackals
  20 kobolds
  4 quokkas
  4 ball pythons
  8 bats
  4 goblins
  6 rats
228 creatures vanquished.

Vanquished Creatures (others)
  Jessica (D:3)
1 creature vanquished.

Grand Total: 229 creatures vanquished

Notes
Turn   | Place    | Note
-------+----------+-------------------------------------------
     0 | D:1      | growler the Draconian Shapeshifter began the quest for the
                  | Orb.
     0 | D:1      | Reached XP level 1. HP: 16/16 MP: 1/1
   198 | D:1      | Reached XP level 2. HP: 23/23 MP: 2/2
   661 | D:1      | Reached XP level 3. HP: 24/28 MP: 3/3
   750 | D:1      | Found Mogie's General Store.
   772 | D:1      | Bought a potion of degeneration for 11 gold pieces
  1254 | D:2      | Found Cemaff's Assorted Antiques.
  1994 | D:3      | Reached skill level 4 in Unarmed Combat
  2034 | D:3      | Reached XP level 4. HP: 34/35 MP: 4/4
  2071 | D:3      | Noticed Jessica
  2075 | D:3      | Killed Jessica
  2843 | D:4      | Reached XP level 5. HP: 35/40 MP: 5/5
  2878 | D:4      | Reached skill level 5 in Unarmed Combat
  3049 | D:4      | Reached skill level 5 in Shapeshifting
  3049 | D:4      | Reached XP level 6. HP: 31/47 MP: 6/6
  3891 | D:5      | Entered Level 5 of the Dungeon
  4008 | D:5      | Reached skill level 6 in Unarmed Combat
  4008 | D:5      | Your scales start taking on a lurid green colour.
  4008 | D:5      | Reached XP level 7. HP: 38/52 MP: 7/7
  4008 | D:5      | Gained mutation: Your system is resistant to poisons.
                  | (rPois) [Green Draconian growth]
  4314 | D:5      | Noticed Blork the orc
  4336 | D:5      | Killed Blork the orc
  4337 | D:5      | Reached skill level 7 in Unarmed Combat
  4350 | D:5      | Reached XP level 8. HP: 30/59 MP: 8/8
  4453 | D:5      | Found a glowing drain.
  4466 | Sewer    | Entered a sewer
  4621 | D:5      | Found an opulent altar of Gozag.
  4647 | D:5      | Found a bloodstained altar of Trog.
  4647 | D:5      | Noticed Menkaure
  4655 | D:5      | Killed Menkaure
  4773 | D:5      | Found a shimmering blue altar of Sif Muna.
  4847 | D:5      | Found a radiant altar of Vehumet.
  4848 | D:5      | Noticed Pikel
  4892 | D:5      | Killed Pikel
  4893 | D:5      | Reached skill level 8 in Unarmed Combat
  5196 | D:6      | You fall into a shaft and drop 1 floor!
  5251 | D:6      | Reached XP level 9. HP: 67/67 MP: 9/9
  5279 | D:6      | Reached skill level 9 in Unarmed Combat
  5756 | D:6      | Noticed Grinder
  5770 | D:6      | Paralysed by Grinder for 4 turns
  5776 | D:6      | Killed Grinder
  6106 | D:7      | Reached skill level 5 in Fighting
  6111 | D:7      | Found a staircase to the Ecumenical Temple.
  6122 | D:7      | Noticed an unseen horror
  6127 | Temple   | Entered the Ecumenical Temple
  6159 | D:7      | Killed an unseen horror
  6160 | D:7      | Reached skill level 10 in Unarmed Combat
  6517 | D:7      | Found a shimmering altar of Xom.
  6654 | D:8      | Found a staircase to the Lair.
  6804 | D:8      | Reached XP level 10. HP: 78/84 MP: 10/10
  6891 | D:8      | Found Dideleene's Armour Shoppe.
  7299 | D:9      | Reached skill level 11 in Unarmed Combat
  7320 | D:9      | Found an ornate altar of the Wu Jian Council.
  7328 | D:9      | Became a worshipper of the Wu Jian Council
  7695 | D:9      | Reached * piety under Wu Jian
  7727 | D:9      | Reached skill level 12 in Unarmed Combat
  8324 | D:10     | Entered Level 10 of the Dungeon
  8406 | D:10     | Found a broken altar of Ashenzari.
  8655 | D:10     | Noticed a skeletal warrior
  8675 | D:10     | Noticed a skeletal warrior
  8684 | D:10     | Slain by a skeletal warrior

Illustrated notes

Levels and vault maps discovered:
D:1:      scummos_arrival_hexagon, layout_loops_corners, serial_shops,
          nicolae_shop_back_alley_shop
D:2:      layout_basic, serial_shops, shop
D:3:      layout_loops_cross, nrook_uturn, hangedman_decor_growths, uniq_jessica
D:4:      layout_basic
D:5:      kennysheep_spiral_hall, layout_rooms, kennysheep_mini,
          trog_butcher_becter, mainiacjoe_overflow_catch_the_wave,
          serial_demonic, serial_demonic_f, serial_demonic_a, serial_demonic_a,
          serial_demonic_a, portal_sewer_entry_e,
          chequers_serial_rivers_micro_e, uniq_menkaure, uniq_blork_the_orc,
          uniq_pikel
D:6:      layout_loops_ring, kennysheep_generic_room_14, uniq_grinder
D:7:      layout_basic, marbit_many_paths, temple_statues
D:8:      layout_loops_ring, dpeg_lair_monsters, serial_shops, shop
D:9:      layout_long_grid, mainiacjoe_overflow_small_starburst
D:10:     layout_irregular_city, ashenzari_conservatory_becter,
          chequers_serial_rivers_micro_e
Temple:   eino_wide_crystal_templ

Skill      XL: |  1  2  3  4  5  6  7  8  9 10 |
---------------+-------------------------------+-----
Unarmed Combat | 4 5 6 7 8 10 12 | 12.3
Shapeshifting  | 4 5 6 8 |  8.0
Fighting       | 2 6 9 |  9.7
Dodging        | |  1.7

Action                     |  1- 3 |  4- 6 |  7- 9 | 10-12 || total
---------------------------+-------+-------+-------+-------++-------
  Melee: Unarmed           |    88 |   112 |   324 |   187 ||   711
         Tailslap          |     8 |    13 |    61 |    35 ||   117
         Punch             |     2 |     4 |     6 |       ||    12
Ability: Lunge             |       |       |       |    13 ||    13
         Whirlwind         |       |       |       |     9 ||     9
         Noxious Breath    |       |       |       |     1 ||     1
  Evoke: Wand              |       |       |       |     1 ||     1
    Use: Scroll            |     2 |     6 |     4 |       ||    12
   Stab: Sleeping          |     1 |     2 |       |       ||     3
 Armour: Skin              |    33 |    67 |   156 |    86 ||   342
  Dodge: Dodged            |    55 |    72 |   230 |   125 ||   482
   Form: Flux              |       |       |     1 |       ||     1

Table legend: (Time is in decaauts)
 A = Elapsed time spent in this place.
 B = Non-inter-level travel time spent in this place.
 C = Inter-level travel time spent in this place.
 D = Time resting spent in this place.
 E = Time spent auto-exploring this place.
 F = Levels seen in this place.
 G = Mean time per level.
                   A        B        C        D        E       F      G
               +--------+--------+--------+--------+--------+-----+--------+
         Total |   8593 |   8129 |    464 |    200 |   6194 |  12 |  716.1 |
       Dungeon |   8481 |   8039 |    442 |    200 |   6191 |  10 |  848.1 |
        Temple |     23 |      1 |     22 |      0 |      0 |   1 |   23.0 |
         Sewer |     88 |     88 |      0 |      0 |      3 |   1 |   88.0 |
               +--------+--------+--------+--------+--------+-----+--------+

Top non-repeatable levels by time:
     D:4: 1327 daAuts
     D:2: 1053 daAuts
     D:9: 1042 daAuts
     D:5: 1009 daAuts
     D:1: 930 daAuts
     D:6: 748 daAuts
     D:3: 732 daAuts
     D:8: 645 daAuts
     D:7: 637 daAuts
    D:10: 355 daAuts
   Sewer: 88 daAuts
  Temple: 23 daAuts
